 Dungeon Crawl Stone Soup version 0.29.1-15-g9cfb28693d (console) character file.

Game seed: 1660035032839405136

1812 Goreval the Destroyer (level 8, 0/57 (64) HPs)
             Began as a Pale Draconian Conjurer on Feb 28, 2023.
             Was an Elder of Fedhas.
             Slain by a wight
             ... wielding a +0 trident
              (4 damage)
             ... on level 6 of the Dungeon.
             The game lasted 00:20:44 (6500 turns).

Goreval the Destroyer (Pale Draconian Conjurer)     Turns: 6500, Time: 00:20:44

HP:   0/57 (64)     AC:  9    Str:  9    XL:     8   Next: 84%
MP:   18/24         EV: 12    Int: 21    God:    Fedhas [****..]
Gold: 246           SH:  0    Dex: 10    Spells: 4/17 levels left

rFire   . . .      SeeInvis +   B - +2 dagger (drain)
rCold   . . .      Faith    .   (no shield)
rNeg    . . .      Spirit   .   (body armour unavailable)
rPois   .          Reflect  .   (helmet restricted)
rElec   .          Harm     .   (no cloak)
rCorr   .          Rampage  .   q - +2 pair of gloves
Will    .....                   (no boots)
Stlth   ++........              (no amulet)
HPRegen 0.19/turn               h - ring of see invisible
MPRegen 0.19/turn               y - ring of magical power

@: attractive, slowed, heavily drained, very slow
A: breathe steam, AC +6, unfitting armour, cold-blooded, steam resistance
a: Breathe Steam, Renounce Religion, Wall of Briars, Grow Ballistomycete,
Overgrow


You were on level 6 of the Dungeon.
You worshipped Fedhas.
Fedhas was greatly pleased with you.
You visited 1 branch of the dungeon, and saw 6 of its levels.

You collected 336 gold pieces.
You spent 90 gold pieces at shops.

Inventory:

Hand Weapons
 B - a +2 dagger of draining (weapon)
Missiles
 x - 5 boomerangs of dispersal
Armour
 q - a +2 pair of gloves (worn)
Magical Staves
 e - a staff of cold
Jewellery
 h - a ring of see invisible (left hand)
 y - a ring of magical power (right hand)
 A - a ring of poison resistance
 C - a ring of wizardry
 D - an amulet of guardian spirit
Wands
 b - a wand of roots (11)
 s - a wand of digging (5)
 E - a wand of flame (8)
Scrolls
 c - 2 scrolls of magic mapping {unknown}
 f - 2 scrolls of enchant weapon {unknown}
 g - 3 scrolls of teleportation {unknown}
 k - 3 scrolls of noise {unknown}
 m - 3 scrolls of vulnerability {unknown}
 n - a scroll of immolation {unknown}
 o - 6 scrolls of identify {unknown}
 t - 3 scrolls of amnesia {unknown}
 u - a scroll of poison {unknown}
 v - a scroll of blinking {unknown}
Potions
 a - 2 potions of magic
 d - 2 potions of attraction
 i - 3 potions of ambrosia {unknown}
 j - 2 potions of flight {unknown}
 l - 2 potions of might
 p - a potion of curing {unknown}
 r - a potion of berserk rage {unknown}
 w - a potion of resistance {unknown}
 z - a potion of haste {unknown}


   Skills:
 + Level 3.6 Fighting
 - Level 3.6 Dodging
 - Level 1.7 Stealth
 + Level 5.0 Spellcasting
 * Level 8.3 Conjurations
 - Level 2.8 Air Magic
 * Level 4.3 Invocations


You had 4 spell levels left.
You knew the following spells:

 Your Spells              Type           Power      Damage    Failure   Level
a - Magic Dart            Conj           100%       1d8       1%          1
b - Searing Ray           Conj           80%        2d7       1%          2
c - Mephitic Cloud        Conj/Pois/Air  20%        N/A       7%          3
d - Stone Arrow           Conj/Erth      44%        3d9       6%          3
e - Fulminant Prism       Conj/Hex       11%        3d9       19%         4

Your spell library contained the following spells:

 Spells                   Type           Power      Damage    Failure   Level
 Dazzling Flash           Conj/Hex       44%        N/A       6%          3
 Sublimation of Blood     Necr           5%         N/A       16%         2
 Wereblood                Tmut           5%         N/A       16%         2
 Iskenderun's Mystic Bla  Conj/Tloc      22%        2d6       19%         4
 Ignite Poison            Fire/Tmut/Pois 5%         N/A       32%         3
 Freezing Cloud           Conj/Ice/Air   10%        6-21      54%         5
 Summon Mana Viper        Hex/Summ       5%         N/A       96%         5
 Haunt                    Necr/Summ      2%         N/A       100%        7
 Summon Hydra             Summ           2%         N/A       100%        7
 Lehudib's Crystal Spear  Conj/Erth      11%        10d4      100%        8
 Animate Armour           Summ/Erth      Unusable   N/A       N/A         4

Dungeon Overview and Level Annotations

Branches:
Dungeon (6/15) Zot: 25617  Temple (0/1) D:4

Altars:
Elyvilon
Fedhas
Gozag
Makhleb
Yredelemnul

Shops:
D:4 (


Innate Abilities, Weirdness & Mutations

You can breathe blasts of scalding, opaque steam.
Your pale cyan-grey scales are hard. (AC +6)
You cannot fit into any form of body armour.
You are cold-blooded and may be slowed by cold attacks.
You are immune to the effects of steam.


Message History

You are too injured to fight recklessly!
You are too injured to fight recklessly!
You are too injured to fight recklessly!
You are too injured to fight recklessly!
You are too injured to fight recklessly!
You are too injured to fight recklessly!
The wight hits you with a +3 war axe!
The wight hits you from afar with a +3 trident of freezing.
You feel drained. The wight freezes you.
* * * LOW HITPOINT WARNING * * *
You feel yourself speed up.
The wight hits you from afar with a +3 trident of freezing!
* * * LOW HITPOINT WARNING * * *
You feel yourself slow down. The wight freezes you.
* * * LOW HITPOINT WARNING * * *
The wight hits you from afar with a +3 trident of freezing.
* * * LOW HITPOINT WARNING * * *
You feel drained.
You feel as though you will be slow longer.
The wight freezes you.
* * * LOW HITPOINT WARNING * * *
The wight hits you but does no damage.
The wight hits you from afar with a +0 trident.
* * * LOW HITPOINT WARNING * * *
You feel drained.
Aim: a wight, wielding a +3 war axe and wearing a +0 robe (82% to hit)
Okay, then.
Okay, then.
Unknown command.
Okay, then.
It was a potion of attraction.
You feel attractive to monsters. The wight hits you with a +3 war axe.
* * * LOW HITPOINT WARNING * * *
The wight hits you but does no damage. The wight misses you.
The wight hits you from afar with a +0 trident.
You die...
Fedhas appreciates your contribution to the ecosystem.

##### #...####### #########
#...##....###........ #...##.#..†.......... .
#...#.....###........ # ##......##.############
# ###.....#.##.##.........# #
#.......................##### #
#.#...######.##.............# #
#.#.>..[.....##.........[...# ###### #
#.#..#######.##...#.........# #....# # #.#..#
#.@zz.###........####....# ### #########.#..#
####z..#.................# #.#
#....<....#.)####### ....###...#########....#
#.# ###.#######)..).........##
##...............# #.. #....#..)...########...
#...############.# ########.. #..#.#.####..#
#..# ##..#### #(# #......... #..#.#.#..#....#
..## ##....## #.# #......... #..#......#.##..#
..# ##....########.# ########.. #..###.#.##.#
... #..............# #.# #... #.#.##.### #.
##.............# ##.# ...# #........#
##..........<.# #####..# .### ###.##.#.#
##..#######..######.....†# #....# #
##......##.........####.# ##...# #.# ..##
##.......##...##########.# #...# #.# #..##
##........##..#####.......# #.###.#.# #...##
##.........##..#.....##...## #.# #.#.#.#....
#..............#)........... #.# #.#.#. #..##
##..>..........#.....##...## ###.###.... #...##
##....................##...#
#.........####.#..##
##..##.......###.#.#.#.##...#
##.#.####..........# #...###..###.#
#.#.#.#.##..[# #.#.# #.#####..(##
##...##......# #.#...#.##...# #.#.# #.#
#.....###....##.###..###.#..........#
#.#.####.####.##÷..#.).)†<..#
#.>.............###
#.#...........##..###....##.####.#...#........#
#.######.####......#.....##....#.#...#........#


You could see 3 wights.

Vanquished Creatures
  Sigmund (D:3)
  3 yaks
  A black bear (D:5)
  A centaur (D:5)
  A phantom (D:6)
  2 bullfrogs (D:6)
  A necrophage (D:6)
  A scorpion (D:5)
  A wight (D:6)
  A jelly (D:4)
  3 orc priests
  A gnoll bouda (D:6)
  3 hounds
  Ijyb (D:3)
  3 orc wizards (D:5)
  4 iguanas
  3 gnolls
  6 adders
  2 worms (D:2)
  4 dart slugs
  28 orcs
  7 bats
  4 endoplasms
  3 giant cockroaches
  4 goblins
  7 hobgoblins
  3 jackals
  10 kobolds
  2 quokkas
  8 ball pythons
  3 frilled lizards
  7 rats
129 creatures vanquished.

Notes
Turn   | Place    | Note
-------+----------+-------------------------------------------
     0 | D:1      | Goreval the Draconian Conjurer began the quest for the Orb.
     0 | D:1      | Reached XP level 1. HP: 14/14 MP: 3/3
   475 | D:1      | Reached XP level 2. HP: 20/20 MP: 0/5
   538 | D:1      | Learned a level 2 spell: Searing Ray
   941 | D:1      | Found a faded altar of an unknown god.
   955 | D:1      | Prayed at the altar of an unknown god.
   955 | D:1      | Became a worshipper of Fedhas Madash
   955 | D:1      | Reached * piety under Fedhas
  1198 | D:2      | Reached XP level 3. HP: 15/26 MP: 1/6
  2016 | D:2      | Reached XP level 4. HP: 24/33 MP: 0/7
  2158 | D:2      | Reached ** piety under Fedhas
  2260 | D:2      | Reached skill level 5 in Conjurations
  2647 | D:3      | Noticed Sigmund
  2867 | D:3      | Killed Sigmund
  2868 | D:3      | Reached XP level 5. HP: 38/38 MP: 1/10
  2972 | D:3      | Reached XP level 6. HP: 45/45 MP: 6/11
  3020 | D:3      | Noticed Ijyb
  3029 | D:3      | Killed Ijyb
  3030 | D:3      | Reached skill level 6 in Conjurations
  3326 | D:3      | Found a white marble altar of Elyvilon.
  3479 | D:4      | Found a staircase to the Ecumenical Temple.
  3762 | D:4      | Found Plog's Firing Range.
  3766 | D:4      | Bought 5 boomerangs of dispersal for 90 gold pieces
  4044 | D:5      | Entered Level 5 of the Dungeon
  4223 | D:5      | Your scales start taking on a pale cyan-grey colour.
  4223 | D:5      | Reached XP level 7. HP: 36/50 MP: 12/12
  4223 | D:5      | Gained mutation: You are immune to the effects of steam.
                  | [Pale Draconian growth]
  4227 | D:5      | Learned a level 3 spell: Mephitic Cloud
  4333 | D:5      | Found a runed translucent door.
  4406 | D:5      | Reached skill level 1 in Air Magic
  4413 | D:5      | Reached skill level 1 in Fighting
  4578 | D:5      | Found a burning altar of Makhleb.
  4580 | D:5      | Found a basalt altar of Yredelemnul.
  4889 | D:5      | Reached skill level 7 in Conjurations
  4891 | D:5      | Reached *** piety under Fedhas
  5158 | D:6      | Found an opulent altar of Gozag.
  5234 | D:6      | Reached skill level 1 in Invocations
  5282 | D:6      | Got the Catalogue of the Comitatus
  5443 | D:6      | Reached XP level 8. HP: 51/61 MP: 14/14
  5915 | D:6      | Reached skill level 8 in Conjurations
  5936 | D:6      | Learned a level 3 spell: Stone Arrow
  5941 | D:6      | Learned a level 4 spell: Fulminant Prism
  6308 | D:6      | Reached skill level 5 in Spellcasting
  6309 | D:6      | Reached **** piety under Fedhas
  6500 | D:6      | Slain by a wight

Illustrated notes

Levels and vault maps discovered:
D:1:      wander_arrival_fairy_ring, layout_basic,
          shapermc_ecumenical_altar_petra, minmay_misc_feat_encased
D:2:      layout_rooms
D:3:      layout_rooms, nicolae_elyvilon_peaceful_grove, hangedman_decor_push,
          minmay_misc_feat_secret_circle, uniq_sigmund, uniq_ijyb
D:4:      layout_cave_pools, minmay_temple_entry_proselytizer,
          nicolae_shop_firing_range
D:5:      layout_basic, chequers_temple_overflow_statue_of_worship,
          serial_curves, eino_curves_02, eino_curves_02, lightli_church_of_beogh
D:6:      layout_basic, mainiacjoe_overflow_concentric_impassable,
          nicolae_figureground_pulse, uniq_crazy_yiuf_cottage

Skill      XL: |  1  2  3  4  5  6  7  8 |
---------------+-------------------------+-----
Dodging        | 2 3 |  3.6
Conjurations   | 5 6 7 8 |  8.3
Spellcasting   | 3 4 5 |  5.0
Air Magic      | 2 |  2.8
Fighting       | 2 3 |  3.6
Invocations    | 1 4 |  4.3
Stealth        | |  1.7

Action                   |  1- 3 |  4- 6 |  7- 9 || total
-------------------------+-------+-------+-------++-------
Melee: Dagger            |    52 |     7 |    17 ||    76
       Tailslap          |     6 |       |     5 ||    11
       Punch             |       |       |     1 ||     1
 Cast: Magic Dart        |    92 |    68 |    93 ||   253
       Searing Ray       |     2 |     6 |    26 ||    34
       Mephitic Cloud    |       |       |     2 ||     2
  Use: Potion            |       |       |     2 ||     2
Armor: Skin              |    41 |     8 |    27 ||    76
Dodge: Dodged            |    66 |    14 |    46 ||   126
